 Dungeon Crawl Stone Soup version 0.30-a0-465-g8901f6c8b5 (webtiles) character file.

Game seed: 18190829303949733673

15 greenreed the Insei (level 2, -2/22 HPs)
             Began as a Djinni Transmuter on Dec 17, 2022.
             Frozen to death by an endoplasm (6 damage)
             ... on level 3 of the Dungeon.
             The game lasted 00:00:54 (445 turns).

greenreed the Insei (Djinni Transmuter)              Turns: 445, Time: 00:00:55

Health: -2/22      AC:  2    Str:  9    XL:     2   Next: 65%
Gold:   39         EV: 12    Int: 14    God:
                   SH:  0    Dex: 13

rFire   + + .      SeeInvis .      - Unarmed
rCold   x . .      Faith    .    (no shield)
rNeg    . . .      Spirit   .    a - +0 robe
rPois   ∞          Reflect  .    (no helmet)
rElec   .          Harm     .    (no cloak)
rCorr   .          Rampage  .    (no gloves)
Will    .....                    (boots unavailable)
Stlth   +.........               (no amulet)
HPRegen 0.23/turn                (no ring)
MPRegen 0.00/turn                (no ring)

@: flying
A: sickness immunity, fire resistance 2, cold vulnerability 1, float, innate
caster, HP casting, extra vitality 1
a: no special abilities


You were on level 3 of the Dungeon.
You visited 1 branch of the dungeon, and saw 3 of its levels.

You collected 39 gold pieces.

Inventory:

Armour
 a - a +0 robe (worn)
Scrolls
 c - a scroll of noise {unknown}
 e - a scroll of vulnerability {unknown}
Potions
 b - a potion of lignification
 d - a potion of curing {unknown}


   Skills:
 + Level 1.1 Fighting
 + Level 2.4 Dodging
 + Level 3.5 Unarmed Combat
 + Level 1.6 Spellcasting


You couldn't memorise any spells.
You knew the following spells:

 Your Spells              Type           Power      Damage    Failure   Level
a - Beastly Appendage     Tmut           10%        N/A       12%         1
b - Wereblood             Tmut           5%         N/A       19%         2
c - Spider Form           Tmut/Pois      5%         N/A       36%         3
d - Ice Form              Ice/Tmut       5%         N/A       77%         4
Your spell library was empty.

Dungeon Overview and Level Annotations

Branches:
Dungeon (3/15)

Altars:


Innate Abilities, Weirdness & Mutations

You are immune to sickness and miasma.
You are immune to poison.
Your flesh is very heat resistant. (rF++)
You are vulnerable to cold. (rC-)
You float through the air rather than walking.
You learn spells naturally, not from books.
Your magical power is your life essence.
You have superior vitality. (+4 MHP)


Message History

The ball python bites you but does no damage.
The ball python constricts you.
You closely miss the ball python.
The ball python is moderately wounded.
The endoplasm completely misses you. The ball python bites you.
The ball python constricts you.
You are too injured to fight recklessly!
You are too injured to fight recklessly!
You are too injured to fight recklessly!
Unknown command.
You are too injured to fight recklessly!
You can't go up here!
You escape the ball python's grasp.
The bat hits you but does no damage. The endoplasm closely misses you.
The ball python bites you but does no damage.
The ball python closely misses you.
You fly downwards.
Found a spear.
There is a stone staircase leading up here.
The ball python attacks as you move away!
The ball python bites you but does no damage.
The quokka bites you but does no damage.
You hit the quokka.
The quokka is almost dead.
The quokka barely misses you. The endoplasm hits you.
You hit the quokka but do no damage.
The quokka is almost dead.
The quokka closely misses you. The endoplasm barely misses you.
You miss the quokka.
The quokka is almost dead.
The quokka bites you.
* * * LOW HITPOINT WARNING * * *
The endoplasm barely misses you.
You miss the quokka.
The quokka is almost dead.
The quokka closely misses you.
The rat twitches its whiskers.
The endoplasm freezes you.
You are frozen.
You feel a terrible chill!
You die...

### #.. #..
#.# #.# #)#
.#
##.#####...#
#.SrJ@r....#
#..#####..##
...... ...
####.##. #
#. .# #. #
#. #.


You could see an endoplasm, a quokka, a ball python and a rat.

Vanquished Creatures
  A worm (D:2)
  2 ball pythons (D:2)
  An endoplasm (D:1)
  A kobold (D:2)
  A bat (D:2)
  A frilled lizard (D:2)
  3 goblins (D:2)
  2 rats (D:2)
12 creatures vanquished.

Notes
Turn   | Place    | Note
-------+----------+-------------------------------------------
     0 | D:1      | greenreed the Djinni Transmuter began the quest for the
                  | Orb.
     0 | D:1      | greenreed set off with the following spells memorised:
                  | Beastly Appendage, Wereblood, Spider Form, Ice Form.
     0 | D:1      | Reached XP level 1. HP: 17/17 MP: 0/0
    65 | D:1      | You are sucked into a shaft and drop 1 floor!
   160 | D:2      | Reached XP level 2. HP: 16/22 MP: 0/0
   445 | D:3      | Frozen to death by an endoplasm

Illustrated notes

Levels and vault maps discovered:
D:1:      lightli_arrival_flooded_house, layout_basic,
          shapermc_ecumenical_altar_mp_urbaneastern, minmay_lizard_pond
D:2:      minmay_chambers_of_twos, layout_basic,
          wander_ebering_terrifying_dragon_lair
D:3:      layout_loops_ring, columned_hall_lemuel,
          nicolae_concentric_dashed_squares_mild, uniq_ijyb

Action                   || total
-------------------------++-------
Melee: Unarmed           ||    57
       Headbutt          ||     1
       Punch             ||     1
 Cast: Beastly Appendage ||     1
Armor: Robe              ||    22
Dodge: Dodged            ||    48

Table legend: (Time is in decaauts)
 A = Elapsed time spent in this place.
 B = Non-inter-level travel time spent in this place.
 C = Inter-level travel time spent in this place.
 D = Time resting spent in this place.
 E = Time spent auto-exploring this place.
 F = Levels seen in this place.
 G = Mean time per level.
                   A        B        C        D        E       F      G
               +--------+--------+--------+--------+--------+-----+--------+
         Total |    440 |    440 |      0 |      0 |    323 |   3 |  146.7 |
       Dungeon |    440 |    440 |      0 |      0 |    323 |   3 |  146.7 |
               +--------+--------+--------+--------+--------+-----+--------+

Top non-repeatable levels by time:
     D:2: 369 daAuts
     D:1: 65 daAuts
     D:3: 6 daAuts
